AoeStats
← 体制少妇白洁

Black Forest

507729610Analyzed
4v4 RM · 13d ago on Sep 19, 2026· 55m 0s· 8 players
Game mode
Random Map
Map size
Large (8 player)
Population
200
Speed
Normal
Resources
Standard
Victory
Conquest
Starting age
Dark Age
Ending age
Imperial Age
RankedLock teamsTeams togetherTeam positionsShared explorationLock speedFull tech treeHidden civsTurbo modeCheats
Victory
Defeat
🇭🇰 Portuguese · Hong Kong SAR China
1492
+12
🇨🇳 Aztecs · China
1411
+15
🇨🇳 Turks · China
1337
+18
🇦🇷 Koreans · Argentina
1411
-17
🇧🇷 Spanish · Brazil
1406
-17
🇮🇹 Mongols · Italy
1359
-15
🇪🇸 Slavs · Spain
1353
-15
体制少妇白洁
7:16 Loom
9:23 Feudal Age
10:33 Double-Bit Axe
11:29 Horse Collar
14:36 Forging
14:35 Scale Barding Armor
16:38 Forging
18:31 Wheelbarrow
21:20 Castle Age
19:56 Bloodlines
19:51 Gold Mining
22:04 Husbandry
22:25 Chain Barding Armor
22:52 Iron Casting
22:42 Bow Saw
23:54 Heavy Plow
29:16 Hand Cart
30:14 Caravan
32:01 Stone Mining
36:23 Imperial Age
33:52 Treadmill Crane
35:11 Ballistics
36:31 Elite Organ Gun
37:45 Conscription
37:52 Arquebus
38:32 Siege Engineers
39:55 Chemistry
52:47 Pikeman
FoLuo
0:37 Loom
14:59 Feudal Age
15:46 Double-Bit Axe
17:38 Wheelbarrow
22:13 Castle Age
23:30 Bow Saw
23:08 Horse Collar
24:38 Heavy Plow
25:43 Stone Mining
26:57 Gold Mining
30:09 Gold Shaft Mining
33:21 Imperial Age
31:15 Caravan
31:52 Fortified Wall
32:58 Treadmill Crane
33:34 Masonry
34:18 Hand Cart
33:53 Town Watch
34:33 Conscription
36:34 Architecture
36:41 Hoardings
36:23 Artillery
38:23 Fletching
38:34 Padded Archer Armor
39:02 Medium Warships
40:16 Bodkin Arrow
40:37 Leather Archer Armor
40:30 Fishing Lines
41:59 Bracer
42:14 Leather Archer Armor
52:56 Guilds
夫国之有民,犹水之有舟,停则以安,扰则以危
1:01 Loom
16:00 Feudal Age
21:22 Castle Age
19:36 Double-Bit Axe
20:10 Gold Mining
20:55 Scale Mail Armor
29:06 Squires
32:01 Bow Saw
32:00 Horse Collar
35:15 Wheelbarrow
38:21 Hand Cart
39:44 Town Watch
40:01 Heavy Plow
42:48 Imperial Age
41:00 Elite Skirmisher
43:40 Fletching
44:12 Ballistics
44:26 Bodkin Arrow
44:37 Padded Archer Armor
44:40 Imperial Skirmisher
47:01 Chemistry
46:57 Bracer
47:42 Leather Archer Armor
48:06 Thumb Ring
49:03 Ring Archer Armor
50:09 Two-Man Saw
49:43 Crop Rotation
49:16 Pikeman
49:42 Arson
50:13 Chain Mail Armor
51:57 Siege Engineers
51:18 Halberdier
53:47 Forging
后入显风格
6:00 Loom
12:26 Feudal Age
16:00 Castle Age
14:08 Double-Bit Axe
14:27 Horse Collar
21:35 Bow Saw
21:51 Heavy Plow
24:53 Wheelbarrow
26:45 Hand Cart
29:49 Imperial Age
28:06 Gold Mining
28:06 Stone Mining
29:25 Ballistics
29:35 Forging
29:26 Scale Mail Armor
31:37 Chemistry
30:01 Onager
31:11 Conscription
31:09 Chain Mail Armor
31:29 Iron Casting
31:37 Stone Shaft Mining
31:38 Gold Shaft Mining
30:44 Capped Ram
31:15 Elite Jaguar Warrior
32:10 Eagle Warrior
32:36 Arson
32:52 Squires
34:04 Plate Mail Armor
33:40 Siege Ram
33:55 Pikeman
37:01 Blast Furnace
35:53 Fletching
37:22 Garland Wars
38:24 Elite Skirmisher
39:30 Bodkin Arrow
39:35 Padded Archer Armor
39:39 Atlatl
39:03 Imperial Skirmisher
41:17 Bracer
41:32 Leather Archer Armor
40:56 Elite Eagle Warrior
47:35 Siege Onager
Barrios
0:40 Loom
Mako
5:31 Loom
11:56 Feudal Age
14:25 Double-Bit Axe
16:58 Castle Age
17:58 Bow Saw
17:46 Fishing Lines
19:09 Gillnets
19:47 Fletching
25:15 Wheelbarrow
28:44 Imperial Age
26:24 Padded Archer Armor
27:16 Gold Mining
27:23 Bodkin Arrow
28:36 Ballistics
29:01 Leather Archer Armor
29:59 Conscription
29:56 Scale Mail Armor
30:00 Bracer
30:35 Conscription
30:24 Stone Mining
30:18 Onager
31:55 Stone Shaft Mining
31:02 Capped Ram
31:57 Bloodlines
32:40 Gold Shaft Mining
32:35 Drill
33:42 Chemistry
33:40 Siege Engineers
33:46 Siege Ram
35:15 Parthian Tactics
36:04 Hoardings
35:19 Elite Mangudai
40:43 Fortified Wall
40:44 Masonry
42:04 Scale Barding Armor
42:02 Husbandry
42:15 Caravan
43:22 Chain Barding Armor
45:36 Coinage
45:01 Town Watch
44:42 Light Cavalry
45:41 Murder Holes
45:28 Siege Onager
47:26 Hussar
48:10 Scale Mail Armor
48:21 Forging
48:31 Horse Collar
49:46 Banking
53:58 Iron Casting
Julio2
2:58 Loom
12:26 Feudal Age
16:28 Castle Age
15:36 Double-Bit Axe
17:18 Forging
19:01 Scale Barding Armor
20:09 Husbandry
22:07 Chain Barding Armor
22:54 Stone Mining
24:32 Bow Saw
25:58 Fishing Lines
28:29 Fletching
29:18 Bodkin Arrow
31:16 Gillnets
34:03 Imperial Age
31:45 Horse Collar
31:55 Gold Mining
33:09 Padded Archer Armor
33:21 Bloodlines
34:08 Leather Archer Armor
34:33 Heavy Plow
34:09 Elite Conquistador
36:33 Ring Archer Armor
47:23 Bracer
49:29 Plate Barding Armor
48:42 Cavalier
49:59 Iron Casting
50:04 Paladin
53:32 Capped Ram
Owen Guillermo Crippa
0:41 Loom
20:13 Feudal Age
24:46 Wheelbarrow
24:01 Double-Bit Axe
30:34 Castle Age
28:38 Fletching
29:05 Stone Mining
30:47 Gold Mining
30:39 Horse Collar
31:42 Hand Cart
33:48 Husbandry
34:36 Bodkin Arrow
35:31 Bow Saw
36:14 Heavy Plow
38:18 Thumb Ring
54:18 Town Watch
Connection lost

Rejoining the realm…

Still unreachable

The connection could not be restored.

Session expired

The server has moved on; the page needs a fresh start.